Map: Arctic Dream LE

Players

Casey - Winner!

  • Race: Terran Terran

RevMuun - Winner!

  • Race: Zerg Zerg

VOD

Have the link to the VOD?

Description

Time

  • Played on: Dec. 27, 2021, 9:30 p.m.
  • Length: 11:55
Show
View Real Time Build Order
Export as new Build Order

Casey Terran - Winner!

Build Orders:  

Get SALT Encoding   

  12  0:03  SCV  
  13  0:20  SCV  
  14  0:35  Supply Depot  
  14  0:37  SCV  
  15  1:05  SCV  
  16  1:16  Supply Depot  
  16  1:22  SCV  
  17  1:35  Barracks  
  17  1:39  SCV  
  18  1:53  Refinery  
  18  1:56  SCV  
  19  2:00  Refinery  
  19  2:13  SCV  
  20  2:30  SCV  
  21  2:47  SCV  
  22  2:58  Barracks Reactor  
  22  2:59  Barracks  
  22  3:04  SCV  
  22  3:08  Supply Depot  
  23  3:40  Supply Depot  
  23  3:51  Marine x2  
  25  4:11  Barracks Reactor  
  25  4:16  Marine x2  
  27  4:33  Engineering Bay  
  27  4:41  Marine x2  
  29  5:05  Marine  
  29  5:06  Marine  
  29  5:09  Marine x2  
  33  5:25  Barracks  
  33  5:30  Marine  
  33  5:31  Marine  
  33  5:34  Marine x2  
  33  5:36  Terran Infantry Weapons Level 1  
  37  5:55  Marine  
  37  5:56  Marine  
  37  5:59  Marine x2  
  41  6:20  Marine x2  
  41  6:24  Marine x2  
  45  6:41  Supply Depot  
  45  6:45  Marine x2  
  47  7:11  Marine x4  
  47  7:17  Command Center  
  50  7:32  Supply Depot  
  50  7:36  Marine x2  
  52  7:43  Barracks Reactor  
  52  7:46  Marine x2  
  54  8:01  Marine  
  54  8:02  Marine  
  54  8:04  Supply Depot  
  56  8:11  Marine x2  
  58  8:27  SCV  
  59  8:36  Marine x2  
  59  8:37  Supply Depot  
  61  8:44  SCV  
  62  9:01  Marine, SCV  
  64  9:12  SCV  
  64  9:18  SCV  
  66  9:29  SCV  
  67  9:35  SCV  
  68  9:46  SCV  
  68  9:47  Factory  
  68  9:48  Marine x2  
  71  9:52  SCV  
  71  9:58  Marine x2  
  74  10:03  SCV  
  74  10:09  SCV  
  76  10:13  Marine x2  
  78  10:20  SCV  
  78  10:23  Marine x2  
  78  10:25  SCV  
  82  10:31  Refinery  
  82  10:36  Refinery  
  82  10:38  Marine x2  
  84  10:48  Marine x2  
  86  11:03  Marine x2  
  88  11:17  SCV  
  89  11:34  SCV  
Show
View Real Time Build Order
Export as new Build Order

RevMuun Zerg - Winner!

Build Orders:  

Get SALT Encoding   

  12  0:01  Drone  
  13  0:18  Overlord  
  13  0:24  Drone  
  14  0:45  Drone x2  
  16  1:10  Hatchery  
  16  1:14  Drone  
  16  1:19  Drone  
  17  1:27  Drone  
  18  1:33  Extractor  
  17  1:48  Spawning Pool  
  16  1:52  Drone  
  16  1:56  Drone  
  18  2:07  Drone  
  19  2:20  Overlord  
  19  2:53  Queen  
  19  2:55  Queen  
  19  2:59  Drone  
  24  3:03  Drone  
  24  3:04  Drone  
  26  3:11  Zergling x2  
  27  3:24  Zergling x2  
  27  3:26  Zergling x2  
  29  3:37  Overlord  
  29  3:43  Queen  
  31  4:00  Drone x2  
  33  4:23  Lair  
  33  4:24  Drone  
  33  4:27  Drone  
  35  4:33  Drone  
  35  4:36  Drone  
  37  4:46  Evolution Chamber  
  36  4:56  Roach Warren  
  35  5:00  Drone x3  
  35  5:01  Drone x2  
  35  5:04  Drone  
  35  5:07  Drone  
  35  5:08  Drone  
  43  5:33  Drone  
  43  5:36  Overlord  
  43  5:37  Overlord  
  44  5:44  Zerg Missile Weapons Level 1  
  44  5:55  Extractor  
  44  5:59  Extractor  
  42  6:13  Glial Reconstitution  
  39  6:20  Overlord  
  42  6:22  Roach  
  42  6:23  Roach x2  
  42  6:25  Roach x4  
  56  6:33  Drone  
  57  6:59  Drone  
  58  7:00  Drone  
  58  7:07  Roach x2  
  58  7:09  Roach x2  
  67  7:58  Overlord x2  
  67  8:03  Overlord  
  67  8:04  Overlord  
  67  8:05  Overlord  
  67  8:11  Hatchery  
  66  8:23  Drone x2  
  66  8:25  Drone  
  66  8:26  Drone  
  69  8:32  Extractor  
  68  8:55  Roach x3  
  68  8:57  Roach x3  
  80  9:31  Drone x2  
  80  9:33  Drone x2  
  84  9:43  Tunneling Claws  
  84  9:56  Roach x3  
  84  9:57  Roach x2  
  84  9:58  Roach x3  
  84  9:59  Roach  
  102  10:28  Drone  
  102  10:29  Drone x3  
  105  10:30  Drone  
  105  10:31  Unknown  
  105  10:32  Drone  
  105  10:33  Drone  
  105  10:34  Overlord x3  
  108  10:40  Queen  
  108  10:45  Drone x3  
  112  11:20  Roach  
  112  11:21  Roach x2  
  112  11:24  Roach x3  
  124  11:38  Drone  
  127  11:47  Extractor  
Tags
 
Add a new tag
Caveats
  • Supply blocks, unpowered buildings, or Contaminate may cause inaccurate times.
  • Supply counts are checked every 10 seconds.